 Dungeon Crawl Stone Soup version 0.29-a0-613-gf2c431b9b9 (webtiles) character file.

Game seed: 8622171654468556234

44 freelancePsychic the Skirmisher (level 3, 0/26 HPs)
             Began as a Demonspawn Chaos Knight on June 17, 2022.
             Was a Plaything of Xom.
             Slain by an orc
             ... wielding a +0 club
              (2 damage)
             ... on level 3 of the Dungeon.
             The game lasted 00:03:06 (1248 turns).

freelancePsychic the Skirmisher (DsCK)              Turns: 1248, Time: 00:03:11

Health: 0/26       AC:  5    Str: 14      XL:     3   Next: 39%
Magic:  3/3        EV: 11    Int: 10 (11) God:    Xom [.*....]
Gold:   72         SH:  0    Dex: 11 (12) Spells: 2/2 levels left

rFire   . . .      SeeInvis .   a - +0 spear
rCold   . . .      Faith    .   (no shield)
rNeg    . . .      Spirit   .   b - +2 leather armour
rPois   .          Reflect  .   (no helmet)
rElec   .          Harm     .   (no cloak)
rCorr   .          Rampage  .   (no gloves)
Will    .....                   (no boots)
Stlth   +.........              (no amulet)
HPRegen 0.08/turn               (no ring)
MPRegen 0.08/turn               (no ring)

@: mighty, unable to read
A: foul stench 1, deterioration 1, dopey 1, frail 1, inability to read while
threatened
a: Renounce Religion


You were on level 3 of the Dungeon.
You worshipped Xom.
You were a plaything of Xom.
You visited 1 branch of the dungeon, and saw 3 of its levels.

You collected 72 gold pieces.

Inventory:

Hand Weapons
 a - a +0 spear (weapon)
Armour
 b - a +2 leather armour (worn)
Scrolls
 d - a scroll of amnesia {unknown}
 e - a scroll of immolation {unknown}
 f - 2 scrolls of teleportation {@r4}
 g - a scroll of blinking {unknown}
 j - a scroll of identify {unknown}
Potions
 h - a potion of cancellation {unknown}
 i - a potion of heal wounds {unknown}
 k - a potion of might
 l - a potion of flight {unknown}
 m - a potion of curing {unknown}
Miscellaneous
 c - a piece from Xom's chessboard (15/15) (quivered)


   Skills:
 + Level 3.5 Fighting
 - Level 0.4 Maces & Flails
 * Level 3.5 Polearms
 - Level 1.7 Armour
 - Level 0.8 Dodging


You had 2 spell levels left.
You didn't know any spells.
Your spell library contained the following spells:

 Spells                   Type           Power      Damage    Failure   Level
 Tukima's Dance           Hex            0%         N/A       80%         3
 Passage of Golubria      Tloc           0%         N/A       99%         4
 Yara's Violent Unravell  Hex/Tmut       0%         3d3       100%        5


Dungeon Overview and Level Annotations

Branches:
Dungeon (3/15)

Altars:


Innate Abilities, Weirdness & Mutations

You may rarely emit foul miasma when damaged in melee.
Your body sometimes deteriorates upon taking damage.
You are dopey. (Int -2)
You are frail. (-10% HP)
You sometimes lose the ability to read scrolls when taking damage.


Message History

Found an escape hatch in the floor.
The endoplasm freezes you.
You are frozen.
Your surroundings suddenly seem different.
Found a scroll labelled DEC XOMIGI and a scroll labelled XEDDEAZIPS.
You see here a scroll labelled DEC XOMIGI.
An orc comes into view. It is wielding a +0 club.
The orc shouts!
You hear a shout!
An orc comes into view. It is wielding a +0 flail.
You hear a shout!
You hit the rat.
The rat is heavily wounded.
The rat closely misses you.
You barely miss the rat.
The rat is heavily wounded.
You can read scrolls again.
The rat closely misses you.
You hit the rat.
You kill the rat!
The orc hits you but does no damage.
An orc comes into view. It is wielding a +0 club.
It was a potion of might.
You feel very mighty all of a sudden. The orc hits you with a +0 flail.
You feel threatened and lose the ability to read scrolls!
* * * LOW HITPOINT WARNING * * *
You barely miss the orc. The orc hits you but does no damage.
You puncture the orc!
You kill the orc!
You hit the orc but do no damage.
You can read scrolls again.
The orc hits you with a +0 club.
* * * LOW HITPOINT WARNING * * *
You barely miss the orc. The orc hits you with a +0 club.
You feel threatened and lose the ability to read scrolls!
* * * LOW HITPOINT WARNING * * *
Your body deteriorates!
You feel dopey.
You barely miss the orc. The orc hits you with a +0 club.
You die... "It's all fun and games until someone loses an eye."

#.# ...... #.> ....
... .###..# ....
... .. .... ... ...
.. #... ..# #.#r.#o
#... #o#
#?###.#.##... #o#
.r. ......J. #@# ..
.#.##o#. ##.## .#
..##S.{oo.
#...##r##......o.##
#.#..?.###########
#...#### #####


You could see 2 orcs.

Vanquished Creatures
  A gnoll (D:1)
  A dart slug (D:1)
  An orc (D:3)
  3 bats
  2 endoplasms (D:1)
  A giant cockroach (D:2)
  6 hobgoblins
  A quokka (D:1)
  2 ball pythons
  2 frilled lizards (D:1)
  3 goblins (D:1)
  A kobold (D:1)
  8 rats
32 creatures vanquished.

Notes
Turn   | Place    | Note
-------+----------+-------------------------------------------
     0 | D:1      | freelancePsychic the Demonspawn Chaos Knight began the
                  | quest for the Orb.
     0 | D:1      | Reached XP level 1. HP: 18/18 MP: 1/1
    46 | D:1      | XOM: silly message
   306 | D:1      | XOM: silly message
   384 | D:1      | Gained mutation: You may rarely emit foul miasma when
                  | damaged in melee. [demonic ancestry]
   384 | D:1      | Reached XP level 2. HP: 21/24 MP: 2/2
   540 | D:1      | XOM: noise
   807 | D:1      | Reached XP level 3. HP: 26/29 MP: 3/3
   897 | D:1      | Found a faded altar of an unknown god.
   955 | D:1      | XOM: give mutations
   955 | D:1      | Gained mutation: You are frail. (-10% HP) [Xom's mischief]
   955 | D:1      | Gained mutation: Your body sometimes deteriorates upon
                  | taking damage. [Xom's mischief]
   955 | D:1      | Gained mutation: You sometimes lose the ability to read
                  | scrolls when taking damage. [Xom's mischief]
   955 | D:1      | Gained mutation: You are dopey. (Int -2) [Xom's mischief]
  1203 | D:2      | XOM: summons 2 hostile demons
  1248 | D:3      | Slain by an orc

Illustrated notes

Levels and vault maps discovered:
D:1:      onia_arrival_pyramid, layout_basic, basic_ecumenical_altar
D:2:      layout_basic, basic_altar, minmay_distorted
D:3:      layout_loops_cross, nicolae_tso_carved_into_rock, uniq_ijyb

Skill      XL: |  1  2 |
---------------+-------+-----
Polearms       | 3 |  3.5
Fighting       | |  3.5
Maces & Flails | |  0.4
Armour         | |  1.7
Dodging        | |  0.8

Action                   || total
-------------------------++-------
Melee: Spear             ||   109
       Flail             ||    10
  Use: Scroll            ||     2
       Potion            ||     1
Armor: Leather armour    ||    52
Dodge: Dodged            ||    76

Table legend: (Time is in decaauts)
 A = Elapsed time spent in this place.
 B = Non-inter-level travel time spent in this place.
 C = Inter-level travel time spent in this place.
 D = Time resting spent in this place.
 E = Time spent auto-exploring this place.
 F = Levels seen in this place.
 G = Mean time per level.
                   A        B        C        D        E       F      G
               +--------+--------+--------+--------+--------+-----+--------+
         Total |   1244 |   1209 |     35 |      0 |    936 |   3 |  414.7 |
       Dungeon |   1244 |   1209 |     35 |      0 |    936 |   3 |  414.7 |
               +--------+--------+--------+--------+--------+-----+--------+

Top non-repeatable levels by time:
     D:1: 990 daAuts
     D:2: 213 daAuts
     D:3: 40 daAuts
